 Dungeon Crawl Stone Soup version 0.31-a0-263-ge8cad7f256 (webtiles) character file.

Game seed: 12688897282703224633

35 qw the Shooter (level 3, 0/29 HPs)
             Began as a Minotaur Hexslinger on July 13, 2023.
             Slain by a goblin
             ... wielding a +0 club
             ... led by Robin
              (3 damage)
             ... on level 2 of the Dungeon.
             The game lasted 00:00:16 (758 turns).

qw the Shooter (Minotaur Hexslinger)                 Turns: 758, Time: 00:00:17

Health: 0/29       AC:  2    Str: 12    XL:     3   Next: 17%
Magic:  3/3        EV: 12    Int: 10    God:
Gold:   41         SH:  0    Dex: 14    Spells: 3/4 levels left

rFire   . . .        Y - +1 sling
rCold   . . .        (no shield)
rNeg    . . .        c - +0 robe
rPois   .            (helmet restricted)
rElec   .            (no cloak)
rCorr   .            (no gloves)
SInv    .            (no boots)
Will    .....        (no amulet)
Stlth   +            (no ring)
HPRegen 0.24/turn    (no ring)
MPRegen 0.08/turn

%: no passive effects
@: no status effects
A: horns 2, retaliatory headbutt
a: no special abilities


You were on level 2 of the Dungeon.
You visited 1 branch of the dungeon, and saw 2 of its levels.

You collected 41 gold pieces.


Innate Abilities, Weirdness & Mutations

You have a pair of horns on your head.
You reflexively headbutt those who attack you in melee.


   Skills:
 - Level 2.0 Fighting
 + Level 3.7 Ranged Weapons
 - Level 2.1 Dodging
 - Level 1.0 Spellcasting
 - Level 2.0 Hexes


You had 3 spell levels left.
You knew the following spells:

 Your Spells              Type           Power      Damage    Failure   Level
a - Slow                  Hex            16%        N/A       16%         1

Your spell library contained the following spells:

 Spells                   Type           Power      Damage    Failure   Level
 Inner Flame              Hex/Fire       2%         N/A       56%         3
 Portal Projectile        Hex/Tloc       4%         N/A       56%         3
 Cause Fear               Hex            2%         N/A       83%         4

Inventory:

Hand Weapons
 Y - a +1 sling (weapon)
Armour
 c - a +0 robe (worn)
Potions
 g - a potion of mutation {unknown}

Dungeon Overview and Level Annotations

Branches:
Dungeon (2/15)

Altars:

Annotations:
D:2 Robin


Message History

You shoot a sling bullet.
The sling bullet closely misses the goblin.
The goblin closely misses you. The frilled lizard bites you.
The goblin barely misses you. The goblin hits you with a +0 club.
You shoot a sling bullet.
The sling bullet barely misses the goblin.
The goblin barely misses you. The frilled lizard barely misses you.
The goblin completely misses you. The goblin closely misses you.
You shoot a sling bullet. The sling bullet hits the goblin.
You kill the goblin!
You hear a shout!
The goblin barely misses you. The goblin misses you.
The frilled lizard bites you.
A goblin comes into view. It is wielding a +0 club.
The goblin hits you with a +0 club. The frilled lizard closely misses you.
You furiously retaliate!
You headbutt the frilled lizard!
You kill the frilled lizard!
Robin barely misses you. The goblin closely misses you.
You shoot a sling bullet. The sling bullet hits Robin.
Robin is lightly wounded.
The goblin hits you with a +0 dagger.
A hobgoblin comes into view.
The goblin barely misses you. The goblin hits you but does no damage.
You shoot a sling bullet. The sling bullet hits Robin.
Robin is lightly wounded.
The goblin completely misses you. The goblin hits you with a +0 dagger.
The goblin hits you with a +0 club.
Robin says, "Bow before me, strongest of all the hobgoblins!"
Robin barely misses you. The goblin hits you with a +0 dagger.
You shoot a sling bullet. The sling bullet hits Robin.
Robin is moderately wounded.
The goblin hits you with a +0 club. The goblin hits you with a +0 dagger.
The goblin closely misses you.
A goblin comes into view. It is wielding a +0 club.
The goblin barely misses you.
You shoot a sling bullet. The sling bullet barely misses Robin.
The goblin closely misses you. You furiously retaliate!
You headbutt the goblin!
You kill the goblin!
The goblin hits you with a +0 club.
You die...

####.# #.## #.....
.... #.##.##..##.
#.##........ #
#.##........
###g###)##..#... .
#...gg@.....#.# ..
#..#..ggg.>....#..#
##.g...#......>#
#.[#..##.##.#.##
.....#..##......#
.##.......<##.### #
#.##.##### # #. #.#
..


You could see Robin, a hobgoblin (strong) and 5 goblins.

Vanquished Creatures
  An adder (D:2)
  A dart slug (D:1)
  An endoplasm (D:2)
  2 giant cockroaches (D:1)
  5 hobgoblins (D:1)
  2 ball pythons (D:1)
  2 frilled lizards
  7 goblins
  2 kobolds (D:1)
23 creatures vanquished.

Notes
Turn   | Place    | Note
-------+----------+-------------------------------------------
     0 | D:1      | qw the Minotaur Hexslinger began the quest for the Orb.
     0 | D:1      | Reached XP level 1. HP: 16/16 MP: 1/1
     0 | D:1      | 0 ||| qw: Version: 0.3-a-52-g30416fa
     0 | D:1      | 0 ||| qw: Game counter: 7549
     0 | D:1      | 0 ||| qw: Melee chars always use a shield: true
     0 | D:1      | 0 ||| qw: God list: Okawaru
     0 | D:1      | 0 ||| qw: Allow faded altars: false
     0 | D:1      | 0 ||| qw: Do Orc after clearing Dungeon:15 true
     0 | D:1      | 0 ||| qw: Do second Lair branch before Depths: true
     0 | D:1      | 0 ||| qw: Lair rune preference: random
     0 | D:1      | 0 ||| qw: Goals: Normal
     0 | D:1      | 0 ||| PLANNING D:1-11
   154 | D:1      | Reached skill level 3 in Ranged Weapons
   154 | D:1      | Reached XP level 2. HP: 23/23 MP: 2/2
   715 | D:1      | 715 ||| READING scroll labelled RES IGINADO.
   716 | D:1      | 716 ||| READING scroll labelled DUVIRA WOTWY.
   717 | D:1      | 717 ||| READING scroll labelled NESOZXIROFA.
   718 | D:1      | 718 ||| READING scroll labelled ELUSIESEDEA.
   719 | D:1      | 719 ||| DRINKING 2 white potions.
   720 | D:1      | 720 ||| DROPPING scroll of poison.
   747 | D:2      | Reached XP level 3. HP: 17/29 MP: 3/3
   748 | D:2      | Noticed Robin
   750 | D:2      | HP: 5/29 [goblin/+0 club[Robin] (4)]
   751 | D:2      | 751 ||| DRINKING potion of heal wounds.
   756 | D:2      | HP: 7/29 [goblin/+0 club[Robin] (5)]
   757 | D:2      | HP: 3/29 [goblin/+0 dagger[Robin] (1)]
   758 | D:2      | Slain by a goblin

Levels and vault maps discovered:
D:1:      dpeg_arrival_orchard, layout_loops_ring, grunt_decor_fettered
D:2:      layout_loops_cross, serial_bayou_pond_a, uniq_terence, uniq_robin

Skill      XL: |  1  2 |
---------------+-------+-----
Ranged Weapons | 3 |  3.7
Fighting       | 2 |  2.0
Dodging        | |  2.1
Spellcasting   | |  1.0
Hexes          | |  2.0

Action                     || total
---------------------------++-------
   Fire: Sling             ||    65
    Use: Scroll            ||     4
         Potion            ||     2
 Armour: Robe              ||    13
  Dodge: Dodged            ||    36

Table legend:
 A = Non-vault XP
 B = Vault XP
 C = Vault XP percentage of total XP
 D = Non-vault monster count
 E = Vault monster count
 F = Vault count percentage of total count
                 A         B        C        D         E       F
            +---------+---------+-------+---------+---------+-------
      Total |      47 |       6 |  11.3 |      20 |       3 |  13.0
            +---------+---------+-------+---------+---------+-------
        D:1 |      31 |       0 |   0.0 |      17 |       0 |   0.0
        D:2 |      16 |       6 |  27.3 |       3 |       3 |  50.0
            +---------+---------+-------+---------+---------+-------
